 Dungeon Crawl Stone Soup version 0.17-a0-2127-g1cb09f6 (webtiles) character file.

599 Maka the Martial Artist (level 7, -5/52 HPs)
             Began as a White Draconian Transmuter on Oct 22, 2015.
             Slain by an ogre
             ... wielding a +0 giant club
              (12 damage)
             ... on level 5 of the Dungeon.
             The game lasted 00:09:25 (4794 turns).

Maka the Martial Artist (DrTm)                      Turns: 4794, Time: 00:09:25

Health: -5/52      AC: 10    Str: 13    XL:     7   Next: 17%
Magic:  10/10      EV: 12    Int: 13    God:
Gold:   230        SH:  0    Dex: 13    Spells: 3 memorised, 4 levels left

rFire  . . .     SeeInvis .       - Unarmed
rCold  + . .     Clarity  .     (armour unavailable)
rNeg   . . .     SustAt   .     (no shield)
rPois  +         Gourm    .     (helmet restricted)
rElec  .         Spirit   .     j - +0 cloak
rCorr  .         Warding  .     t - +2 pair of gloves
rMut   .         Stasis   .     (no boots)
MR     +....                    (no amulet)
Stlth  +.........               n - ring of protection from magic
                                v - ring of poison resistance

@: short of breath, somewhat resistant to hostile enchantments, very unstealthy
A: breathe frost, unfitting armour, cold resistance 1, cold-blooded, AC +6
a: Breathe Frost


You were on level 5 of the Dungeon.
You were hungry.

You visited 1 branch of the dungeon, and saw 5 of its levels.

You collected 230 gold pieces.

Inventory:

Missiles
 a - 44 arrows
 q - 2 throwing nets (quivered)
 A - 22 arrows of flame
Armour
 j - a +0 cloak (worn)
 t - a +2 pair of gloves (worn)
Jewellery
 d - an uncursed amulet of stasis
 n - a ring of protection from magic (right hand)
 v - a ring of poison resistance (left hand)
Wands
 l - a wand of confusion (38)
 p - a wand of polymorph (19)
 r - a wand of magic darts (7)
Scrolls
 y - a scroll of identify {unknown}
 B - a scroll of noise {unknown}
Potions
 e - 2 potions of heal wounds
 g - a potion of brilliance
 i - a potion of haste {unknown}
 k - a potion of mutation {unknown}
 m - a potion of invisibility {unknown}
 o - a potion of resistance {unknown}
 s - a potion of cancellation {unknown}
 u - 2 potions of ambrosia {unknown}
 x - a potion of flight {unknown}
 z - a potion of magic {unknown}
Books
 b - a book of Changes

   Spells                             Type                      Level
   a - Beastly Appendage              Transmutation                1
   b - Sticks to Snakes               Transmutation                2
   c - Spider Form                    Transmutation/Poison         3
   d - Ice Form                       Ice/Transmutation            4
   e - Blade Hands                    Transmutation                5
Comestibles
 c - 5 bread rations
 f - a slice of pizza
 h - 2 meat rations
 w - a royal jelly


   Skills:
 - Level 1.1 Fighting
 + Level 2.1 Dodging
 - Level 8.2 Unarmed Combat
 - Level 2.0 Spellcasting
 - Level 2.0 Transmutations


You had 4 spell levels left.
You knew the following spells:

 Your Spells              Type           Power        Failure   Level  Hunger
a - Beastly Appendage     Trmt           #.....       12%         1    ##.....
b - Sticks to Snakes      Trmt           #.........   17%         2    ###....
c - Spider Form           Trmt/Pois      #.........   52%         3    ####...


Dungeon Overview and Level Annotations

Branches:
Dungeon (5/15)
 Temple: D:4-7

Altars:
Trog
Vehumet

Annotations:
D:4 Sigmund


Innate Abilities, Weirdness & Mutations

You can breathe waves of freezing cold.
You can buffet flying creatures when you breathe cold.
Your icy white scales are hard (AC +6).
Your body does not fit into most forms of armour.
Your flesh is cold resistant.
You are cold-blooded and may be slowed by cold attacks.


Message History

The centaur shoots an arrow.
The arrow hits you.
* * * LOW HITPOINT WARNING * * *
You see here an arrow.
The centaur hits you but does no damage.
Drink which item? (? for menu, Esc to quit)
It was a potion of heal wounds.
You feel much better.
The centaur hits you but does no damage.
You punch the centaur!
You kill the centaur!
Your Unarmed Combat skill increases to level 8!
You hit the ogre.
The ogre is severely wounded.
The ogre hits you with a giant club!
* * * LOW HITPOINT WARNING * * *
You hit the ogre but do no damage.
Your tail-slap misses the ogre.
The ogre is severely wounded.
You punch the ogre! You punch the ogre.
The ogre is almost dead.
The ogre hits you with a giant club!
You die...

.....#######.# ####.#....##.# #
#.#.##.##.# # #...##.##.##### #.#
.# # #..........##.# #.# ..# #
#...##.##..##.# #.# ..# . #
#...##.##..##.######.##..#.## #
#...........O(..........c.c. #
##..##.##..##@(............### #
#..##.##..##(######.......... #
##.##.##..##.# #.)...... #
#..#.##.O##.# #(##...##
######..#.##..##.######.##....#
..........##..................###
..........##.##.#######.##.......
..######.##....<..............###
..'.)........#.#.####.#.........#


You could see an ogre.

Vanquished Creatures
  A phantom (D:5)
  A centaur (D:5)
  A crimson imp (D:5)
  4 orc wizards
  A centaur skeleton (D:4)
  2 worker ants (D:4)
  A hound skeleton (D:4)
  13 adders
  An ooze (D:1)
  3 worms
  2 giant geckos
  6 orcs
  A ball python (D:1)
  2 giant cockroaches
  10 goblins
  5 hobgoblins
  13 kobolds
  2 quokkas
  6 bats
  6 giant newts
  7 jackals
  A quokka skeleton (D:4)
  8 rats
97 creatures vanquished.

Notes
Turn   | Place    | Note
--------------------------------------------------------------
     0 | D:1      | Maka the Draconian Transmuter began the quest for the Orb.
     0 | D:1      | Reached XP level 1. HP: 16/16 MP: 3/3
   337 | D:1      | Reached XP level 2. HP: 17/23 MP: 5/5
   481 | D:1      | Reached skill level 4 in Unarmed Combat
   690 | D:2      | Found a bloodstained altar of Trog.
   700 | D:2      | Reached XP level 3. HP: 25/28 MP: 6/6
   932 | D:2      | Reached XP level 4. HP: 31/35 MP: 7/7
   937 | D:2      | Reached skill level 5 in Unarmed Combat
  1864 | D:2      | Reached XP level 5. HP: 40/40 MP: 6/8
  2340 | D:3      | Found a radiant altar of Vehumet.
  2427 | D:3      | Reached skill level 6 in Unarmed Combat
  3224 | D:4      | Noticed Sigmund
  3464 | D:4      | Learned a level 2 spell: Sticks to Snakes
  3468 | D:4      | Learned a level 3 spell: Spider Form
  3681 | D:4      | Reached XP level 6. HP: 44/47 MP: 9/9
  3944 | D:5      | Entered Level 5 of the Dungeon
  4014 | D:5      | Reached skill level 7 in Unarmed Combat
  4629 | D:5      | Your scales start taking on an icy white colour.
  4629 | D:5      | Gained mutation: Your flesh is cold resistant. [White Draconian growth]
  4629 | D:5      | Reached XP level 7. HP: 48/52 MP: 10/10
  4788 | D:5      | HP: 2/52 [centaur/arrow (6)]
  4791 | D:5      | Reached skill level 8 in Unarmed Combat
  4794 | D:5      | Slain by an ogre

Vault maps used:
D:1:      grunt_arrival_crossed_arrows, minmay_misc_feat_room
D:2:      solitary_fountain, bloody_trog
D:3:      vehumet_altar_wand_db, first_bread
D:4:      uniq_sigmund
D:5:      uniq_pikel

Action                   |  1- 3 |  4- 6 |  7- 9 || total
-------------------------+-------+-------+-------++-------
Melee: Unarmed           |   121 |   280 |    17 ||   418
 Cast: Beastly Appendage |     8 |    16 |     1 ||    25
 Abil: Breathe Frost     |       |       |     1 ||     1
  Use: Scroll            |     4 |     2 |       ||     6
       Potion            |       |     2 |     1 ||     3
 Stab: Distracted        |       |     2 |       ||     2
       Sleeping          |       |     1 |       ||     1
  Eat: Chunk             |       |    13 |       ||    13
